 Dungeon Crawl Stone Soup version 0.27-a0-1196-g3e9cee4cb2 (webtiles) character file.

Game seed: 10814886113393516815

54 Azzok the Chopper (level 3, -6/43 HPs)
             Began as a Demonspawn Berserker on May 29, 2021.
             Was a Believer of Trog.
             Killed by divine providence
             ... invoked by an orc priest
              (10 damage)
             ... on level 2 of the Dungeon.
             The game lasted 00:01:55 (1747 turns).

Azzok the Chopper (Demonspawn Berserker)            Turns: 1747, Time: 00:01:56

Health: -6/43      AC: 12    Str: 18    XL:     3   Next: 66%
Magic:  3/3        EV:  5    Int:  8    God:    Trog [**....]
Gold:   80         SH:  3    Dex: 12    Spells: 2/2 levels left

rFire    . . .     SeeInvis .   a - +0 hand axe
rCold    . . .     Faith    .   d - +0 buckler
rNeg     . . .     Spirit   .   i - +0 plate armour
rPois    .         Reflect  .   (helmet restricted)
rElec    .         Harm     .   (no cloak)
rCorr    .         Rampage  .   (no gloves)
Will     .....                  f - +1 pair of boots
Stlth    ..........             (no amulet)
HPRegen  0.14/turn              (no ring)
MPRegen  0.08/turn              (no ring)

@: berserking (expiring), very quick
A: antennae 1
a: Renounce Religion, Berserk, Trog's Hand


You were on level 2 of the Dungeon.
You worshipped Trog.
Trog was pleased with you.
You visited 1 branch of the dungeon, and saw 2 of its levels.

You collected 80 gold pieces.

Inventory:

Hand Weapons
 a - a +0 hand axe (weapon)
Armour
 d - a +0 buckler (worn)
 f - a +1 pair of boots (worn)
 i - a +0 plate armour (worn)
Jewellery
 g - a ring of fire
Wands
 o - a wand of flame (13)
Scrolls
 c - 2 scrolls of identify {unknown}
 h - a scroll of immolation {unknown}
 j - a scroll of fog {unknown}
 l - a scroll of teleportation {unknown}
 n - a scroll of enchant armour {unknown}
Potions
 b - a potion of attraction {unknown}
 e - a potion of mutation {unknown}
 k - a potion of resistance {unknown}
 m - a potion of invisibility {unknown}


   Skills:
 - Level 3.0 Fighting
 + Level 3.9 Axes
 - Level 1.7 Armour
 - Level 1.7 Dodging
 + Level 1.3 Shields


You had 2 spell levels left.
You didn't know any spells.
Your spell library was empty.

Dungeon Overview and Level Annotations

Branches:
Dungeon (2/15)

Altars:


Innate Abilities, Weirdness & Mutations

You have a pair of small antennae on your head.


Message History

The orc shouts!
The orc priest calls down the wrath of Beogh upon you.
Beogh smites you!
A red film seems to cover your vision as you go berserk!
You feel yourself moving faster!
You feel mighty! The orc barely misses you. You block the orc's attack.
You slash the orc!
You kill the orc!
Trog accepts your kill.
You hit the orc. The orc hits you with a +0 dagger.
You see here a +0 club.
You slash the orc!
You kill the orc!
Trog accepts your kill.
Your plate armour prevents you from hitting the orc.
You hit the orc. The orc hits you with a +0 club.
The orc hits you but does no damage.
You barely miss the orc priest. You hit the orc but do no damage.
You hit the orc. The orc barely misses you.
The orc hits you but does no damage.
The orc priest hits you but does no damage.
You barely miss the orc priest. You barely miss the orc. x2
The orc hits you but does no damage. The orc hits you with a +0 dagger.
Your shield and plate armour prevent you from hitting the orc priest.
You slash the orc!
You kill the orc!
Trog accepts your kill.
You slash the orc!
You kill the orc!
Trog accepts your kill. The orc priest barely misses you.
You closely miss the orc priest.
The orc priest mumbles some strange prayers to Beogh against you.
Beogh smites you!
* * * LOW HITPOINT WARNING * * *
You slash the orc priest!
The orc priest is severely wounded.
The orc priest mumbles some strange prayers to Beogh against you.
Beogh smites you!
You die...

▒▒▒▒▒▒▒▒▒▒ ▒>·······▒ ▒▒▒▒▒
▒········▒ ▒·<·· ▒········▒ ▒····
▒▒▒▒▒▒▒▒▒▒▒▒▒▒·)·)····▒ ▒····
················@o····▒ ▒····
··▒▒▒▒▒▒▒▒▒▒▒·········▒ ▒···· ··▒
····▒▒▒▒·▒▒·▒▒▒·▒▒ ▒▒▒·· ··▒
▒·········▒▒·▒ ▒ ▒··
)·▒▒▒·····▒·▒▒▒▒·▒ ▒▒▒▒▒▒▒▒··
▒···▒·▒···▒·▒▒▒▒·▒ ·· ··········
▒▒▒············▒·▒ ·▒·▒·▒▒▒▒▒··
▒·▒▒▒····(··▒▒·▒▒▒ ·· ▒····▒
▒▒▒·▒▒▒·▒▒▒·▒·▒▒···▒▒·▒·▒▒▒▒··†··


You could see an orc priest.

Vanquished Creatures
  A dart slug (D:2)
  4 orcs (D:2)
  2 bats (D:1)
  3 endoplasms
  A giant cockroach (D:2)
  5 goblins
  2 hobgoblins (D:2)
  7 jackals
  4 kobolds
  2 quokkas (D:2)
  3 ball pythons (D:1)
  3 frilled lizards
  6 rats
43 creatures vanquished.

Notes
Turn   | Place    | Note
-------+----------+-------------------------------------------
     0 | D:1      | Azzok the Demonspawn Berserker began the quest for the Orb.
     0 | D:1      | Reached XP level 1. HP: 18/18 MP: 1/1
   344 | D:1      | Gained mutation: You have a pair of small antennae on your
                  | head. [demonic ancestry]
   344 | D:1      | Reached XP level 2. HP: 22/24 MP: 2/2
  1147 | D:2      | Reached ** piety under Trog
  1151 | D:2      | Reached XP level 3. HP: 29/29 MP: 3/3
  1449 | D:2      | Reached skill level 1 in Shields
  1660 | D:2      | Found a faded altar of an unknown god.
  1747 | D:2      | Killed from afar by an orc priest

Illustrated notes

Levels and vault maps discovered:
D:1:      ncdulo_lavacross, layout_basic
D:2:      layout_basic, shapermc_ecumenical_altar_mp_urbaneastern

Skill      XL: |  1  2  3 |
---------------+----------+-----
Axes           | 3 |  3.9
Shields        | 1 |  1.3
Fighting       | |  3.0
Armour         | |  1.7
Dodging        | |  1.7

Action                   || total
-------------------------++-------
Melee: Hand axe          ||   103
Invok: Berserk           ||     2
 Stab: Sleeping          ||     1
Armor: Leather armour    ||    17
       Animal skin       ||     1
       Plate armour      ||    49
Dodge: Dodged            ||    56
Block: Buckler           ||     6

Table legend: (Time is in decaauts)
 A = Elapsed time spent in this place.
 B = Non-inter-level travel time spent in this place.
 C = Inter-level travel time spent in this place.
 D = Time resting spent in this place.
 E = Time spent auto-exploring this place.
 F = Levels seen in this place.
 G = Mean time per level.
                   A        B        C        D        E       F      G
               +--------+--------+--------+--------+--------+-----+--------+
         Total |   1771 |   1673 |     98 |     82 |   1244 |   2 |  885.5 |
       Dungeon |   1771 |   1673 |     98 |     82 |   1244 |   2 |  885.5 |
               +--------+--------+--------+--------+--------+-----+--------+

Top non-repeatable levels by time:
     D:1: 1138 daAuts
     D:2: 632 daAuts
